 Dungeon Crawl Stone Soup version 0.31-a0-1074-g0b22e4e0f1 (webtiles) character file.

Game seed: 17911852021625472175

22341 Lobster4 the Cleaver (level 12, -5/94 HPs)
             Began as a Hill Orc Fire Elementalist on Dec 5, 2023.
             Was an Elder of Nemelex Xobeh.
             Slain by an orc knight
             ... wielding a +0 great mace
              (11 damage)
             ... on level 2 of the Orcish Mines.
             The game lasted 00:57:58 (20963 turns).

Lobster4 the Cleaver (Hill Orc Fire Elementalist)  Turns: 20963, Time: 00:57:59

Health: -5/94      AC: 10    Str: 14    XL:     12   Next: 99%
Magic:  2/19       EV: 17    Int: 17    God:    Nemelex Xobeh [****..]
Gold:   1157       SH:  0    Dex: 13    Spells: 8/21 levels left

rFire   + . .        a - +5 short sword of Reppoil {venom, rElec rN+ Dex-4}
rCold   . . .        (no shield)
rNeg    + . .        l - +2 robe {rF+}
rPois   .            h - +2 hat {Will+}
rElec   +            K - +0 cloak
rCorr   .            d - +0 pair of gloves
SInv    .            t - +0 pair of boots
Will    +....        (no amulet)
Stlth   ++           j - +5 ring of evasion
HPRegen 0.35/turn    q - +6 ring of dexterity
MPRegen 0.16/turn

%: no passive effects
@: hasted, very quick
A: no striking features
a: Renounce Religion, Draw Escape, Draw Destruction, Draw Summoning, Triple
Draw, Deal Four


You were on level 2 of the Orcish Mines.
You worshipped Nemelex Xobeh.
Nemelex Xobeh was greatly pleased with you.
You visited 3 branches of the dungeon, and saw 13 of its levels.

You collected 1157 gold pieces.

Inventory:

Hand Weapons
 a - the +5 short sword of Reppoil (weapon) {venom, rElec rN+ Dex-4}
   (You found it on level 7 of the Dungeon)

   Dex-4:     It affects your dexterity (-4).
   rElec:     It insulates you from electricity.
   rN+:       It protects you from negative energy.
 b - a +0 sling
 f - a +2 short sword of venom
 o - a +1 broad axe of venom
 s - a +2 short sword of flaming
 w - a +2 hand axe of electrocution
 C - a +5 antimagic orcbow
 G - a +0 shortbow
Missiles
 c - 5 throwing nets
 e - 104 stones
 y - 3 curare-tipped darts
 D - 10 poisoned darts
Armour
 d - a +0 pair of gloves (worn)
 h - a +2 hat of willpower (worn)
 l - a +2 robe of fire resistance (worn)
 t - a +0 pair of boots (worn)
 F - a scarf of invisibility
 J - a +2 robe of cold resistance
 K - a +0 cloak (worn)
Magical Staves
 I - a staff of poison
Jewellery
 j - a +5 ring of evasion (left hand)
 q - a +6 ring of dexterity (right hand)
Wands
 n - a wand of roots (12)
 r - a wand of flame (68)
 u - a wand of paralysis (3)
Scrolls
 g - a scroll of enchant weapon
 i - a scroll of teleportation
 k - 2 scrolls of fog
 p - a scroll of acquirement
 x - a scroll of silence
Potions
 v - 3 potions of attraction
 z - a potion of ambrosia
 A - 4 potions of might
 L - a potion of enlightenment


   Skills:
 - Level 5.0 Fighting
 - Level 1.0 Short Blades
 * Level 12.8 Axes
 - Level 1.0 Throwing
 + Level 5.7 Armour
 - Level 3.0 Dodging
 - Level 1.5 Stealth
 - Level 5.0 Spellcasting
 + Level 7.4 Conjurations
 - Level 3.0 Hexes
 - Level 3.0 Translocations
 * Level 11.8 Fire Magic
 + Level 9.1 Invocations
 - Level 5.0 Evocations


You had 8 spell levels left.
You knew the following spells:

 Your Spells              Type           Power      Damage    Failure   Level
a - Foxfire               Conj/Fire      100%       2x1d9     1%          1
b - Scorch                Fire           88%        2d8       1%          2
d - Flame Wave            Conj/Fire      37%        2d10      2%          4
e - Volatile Blastmotes   Fire/Tloc      58%        2d14      1%          3
i - Inner Flame           Hex/Fire       29%        N/A       1%          3

Your spell library contained the following spells:

 Spells                   Type           Power      Damage    Failure   Level
 Magic Dart               Conj           100%       1d8       1%          1
 Apportation              Tloc           28%        N/A       4%          1
 Ignite Poison            Fire/Tmut/Pois 17%        N/A       9%          3
 Ensorcelled Hibernation  Hex/Ice        18%        N/A       12%         2
 Necrotise                Necr           16%        1d4       14%         1
 Summon Small Mammal      Summ           16%        N/A       14%         1
 Mephitic Cloud           Conj/Pois/Air  12%        N/A       16%         3
 Call Imp                 Summ           8%         N/A       22%         2
 Cigotuvi's Dreadful Rot  Necr/Pois/Air  8%         N/A       22%         2
 Passwall                 Tmut/Erth      3%         N/A       22%         2
 Swiftness                Air            4%         N/A       38%         3
 Animate Armour           Summ/Erth      8%         N/A       80%         4
 Summon Lightning Spire   Summ/Air       4%         N/A       80%         4
 Freezing Cloud           Conj/Ice/Air   6%         6-21      82%         5
 Lee's Rapid Deconstruct  Erth           2%         3d4*      98%         5


Dungeon Overview and Level Annotations

Branches:
Dungeon (10/15)            Temple (1/1) D:4            Lair (0/5) D:8
    Orc (2/2) D:9             Elf (0/3) Orc:2

Altars:
Ashenzari
Cheibriados
Dithmenos
Elyvilon
Fedhas
Gozag
Hepliaklqana
Kikubaaqudgha
Makhleb
Nemelex Xobeh
Okawaru
Qazlal
Ru
Sif Muna
Trog
Uskayaw
Vehumet
Wu Jian
Xom
Yredelemnul
Zin
The Shining One
Beogh

Shops:
D:4 (   Orc:1 ?[[*   Orc:2 *:

Annotations:
D:6 2 transporters, exclusions: acid dragon and 3 yaks, BigPumpCobain's ghost, novice TrSh
D:8 3 runed translucent doors, sigtrap's ghost, novice GnVM
D:10 Maurice


Message History

Confirm with . or Enter, or press ? or * to list all spells.
Flames lash the orc knight but do no damage.
The orc knight is no longer more vulnerable to fire.
The foxfire hits the orc knight.
The orc knight is severely wounded.
The foxfire hits the orc knight.
The orc knight is severely wounded.
The orc knight hits you with a +0 great mace!
Unknown command.
You barely miss the orc knight.
The orc knight is severely wounded.
The orc knight hits you with a +0 great mace!!
You closely miss the orc knight.
The orc knight is severely wounded.
The orc knight hits you with a +0 great mace!!
You barely miss the orc knight.
The orc knight is severely wounded.
You hit the orc knight but do no damage.
The orc knight is severely wounded.
The orc knight hits you with a +0 great mace.
You draw a card...
You have drawn the Orb.
Press: ? - help, Shift-Dir - straight line, f - orc knight
Aim: an orc knight, wielding a +0 great mace and wearing a +0 plate armour (severely wounded)
Your orb of destruction hits a rock wall.
The orc knight hits you with a +0 great mace!
Your orb of destruction hits a rock wall.
You draw a card...
You have drawn Pain.
Press: ? - help, Shift-Dir - straight line, f/p - orc knight
Aim: an orc knight, wielding a +0 great mace and wearing a +0 plate armour (magical condensation, severely wounded, ally target)
The orc knight convulses!
Your orb of destruction hits a rock wall.
The orc knight hits you with a +0 great mace!!
* * * LOW HITPOINT WARNING * * *
Okay, then.
You feel yourself speed up.
The orc knight hits you with a +0 great mace!
You die...
Your body disappears without a glow.

....# ####.....##....≈≈≈.≈≈≈....
....# #.##.....##.#..≈≈≈)≈≈≈..##
...[####........####...≈≈.≈≈...#
.#...)##.....####
##.......)).### ###.....[[[...##
##........)....#
###.#..§[....###.....[........#
###
#####[.○[○.[.##.........))...
#.## ##○......∩........#...)..
##.## ##....o@..>.....###.....
##..# ##.)○.....###.## #.....
....## #.#○.....##### #.....
.....## ####......# ##....
......### ##.......# ###..
........#####........##### ##.
.........#.##.<.......##.## #.
.......###................# ##
.#.......#......###.....#####


You could see an orc knight.

Vanquished Creatures
  Gastronok (Orc:1)
  An orc warlord (Orc:1)
  Harold (D:9)
  A boulder beetle (D:7)
  2 orc high priests (Orc:2)
  Sonja (Orc:1)
  2 orc knights (Orc:2)
  2 deep elf pyromancers (D:7)
  3 orc sorcerers
  A manticore (Orc:2)
  A rime drake (D:8)
  An unseen horror (D:7)
  6 trolls
  2 hornets
  2 polar bears (D:8)
  2 shadows
  7 yaks
  A wyvern (D:9)
  Grum (D:8)
  4 vampire mosquitoes (D:10)
  Menkaure (D:7)
  A steam dragon (D:8)
  2 wargs
  4 water moccasins
  Duvessa (D:7)
  19 orc warriors
  4 sky beasts
  7 ice beasts
  A black bear (D:6)
  4 wolves
  6 ogres
  5 centaurs
  A phantom (D:5)
  A kobold brigand (D:10)
  A gnoll sergeant (D:7)
  5 bullfrogs
  6 scorpions
  10 wights
  Dowan (D:7)
  17 killer bees
  3 howler monkeys
  2 gnoll boudas
  3 hounds
  14 orc priests
  6 jellies
  Ijyb (D:4)
  Jessica (D:3)
  21 orc wizards
  3 sleepcaps
  Crazy Yiuf (D:3)
  6 iguanas
  Robin (D:4)
  5 gnolls
  6 adders
  3 white imps
  An ufetubus (D:6)
  A worm (D:4)
  4 dart slugs
  64 orcs
  5 endoplasms
  5 giant cockroaches
  12 goblins
  11 hobgoblins
  A jackal (Orc:1)
  15 kobolds
  5 quokkas
  3 ball pythons
  4 bats
  5 frilled lizards
  7 rats
358 creatures vanquished.

Vanquished Creatures (collateral kills)
  An orc knight (Orc:2)
  An orc warrior (Orc:2)
  2 foxfires (D:1)
4 creatures vanquished.

Vanquished Creatures (others)
  An orc priest (Orc:2)
  1335 foxfires
1336 creatures vanquished.

Grand Total: 1698 creatures vanquished

Notes
Turn   | Place    | Note
-------+----------+-------------------------------------------
     0 | D:1      | Lobster4 the Hill Orc Fire Elementalist began the quest for
                  | the Orb.
     0 | D:1      | Reached XP level 1. HP: 14/14 MP: 3/3
   276 | D:1      | Reached XP level 2. HP: 22/22 MP: 2/4
   282 | D:1      | Learned a level 2 spell: Scorch
   976 | D:2      | Reached skill level 1 in Fighting
  1098 | D:2      | Reached XP level 3. HP: 28/28 MP: 0/5
  1150 | D:2      | Reached skill level 1 in Armour
  1938 | D:2      | Reached XP level 4. HP: 35/35 MP: 3/6
  2348 | D:3      | Noticed Jessica
  2356 | D:3      | Killed Jessica
  2444 | D:3      | Reached XP level 5. HP: 36/41 MP: 6/8
  2777 | D:3      | Found a snail-covered altar of Cheibriados.
  2777 | D:3      | Found a hazy altar of Hepliaklqana.
  2907 | D:3      | Found a runed translucent door.
  2908 | D:3      | Noticed Crazy Yiuf
  3228 | D:4      | Noticed Robin
  3233 | D:4      | Noticed Ijyb
  3579 | D:4      | Found an iron altar of Okawaru.
  3980 | D:4      | Killed Ijyb
  3981 | D:4      | Reached skill level 1 in Axes
  3981 | D:4      | Reached XP level 6. HP: 43/49 MP: 0/9
  4314 | D:4      | Found Epupait's Antique Weapon Boutique.
  4673 | D:4      | Found a staircase to the Ecumenical Temple.
  4680 | D:4      | Reached skill level 5 in Fire Magic
  4680 | D:4      | Reached skill level 1 in Evocations
  4689 | Temple   | Entered the Ecumenical Temple
  4706 | Temple   | Became a worshipper of Nemelex Xobeh the Trickster
  5030 | D:5      | Entered Level 5 of the Dungeon
  5041 | D:4      | Reached XP level 7. HP: 56/56 MP: 0/10
  5131 | D:5      | Found a radiant altar of Vehumet.
  5144 | D:5      | Reached skill level 2 in Axes
  5172 | D:4      | Killed Robin
  5456 | D:4      | Reached skill level 1 in Invocations
  5519 | D:4      | Reached skill level 3 in Axes
  5664 | D:5      | Reached XP level 8. HP: 63/63 MP: 4/11
  5942 | D:5      | Reached skill level 4 in Axes
  6459 | D:6      | Noticed a yak
  6459 | D:6      | Noticed a yak
  6740 | D:6      | Found a transporter.
  6743 | D:6      | Noticed BigPumpCobain's ghost (novice TrSh)
  6745 | D:6      | Noticed a two-headed ogre
  6748 | D:6      | Found a transporter.
  6932 | D:6      | Reached skill level 5 in Axes
  6991 | D:6      | Reached * piety under Nemelex Xobeh
  7513 | D:6      | Received a gift from Nemelex Xobeh
  7813 | D:6      | Reached skill level 1 in Short Blades
  7886 | D:6      | Reached skill level 1 in Throwing
  7886 | D:6      | Reached XP level 9. HP: 69/69 MP: 6/13
  8111 | D:6      | Reached skill level 6 in Axes
  8639 | D:7      | Learned a level 3 spell: Volatile Blastmotes
  8644 | D:7      | Learned a level 4 spell: Flame Wave
  9017 | D:7      | Noticed Duvessa
  9028 | D:7      | Killed Duvessa
  9029 | D:7      | Noticed Dowan
  9034 | D:7      | Killed Dowan
  9252 | D:7      | Found a broken altar of Ashenzari.
  9425 | D:7      | Reached ** piety under Nemelex Xobeh
  9482 | D:7      | Reached skill level 7 in Axes
  9652 | D:7      | Noticed a deep elf pyromancer
  9656 | D:7      | Killed a deep elf pyromancer
  9657 | D:7      | Reached skill level 1 in Translocations
  9701 | D:7      | Reached skill level 5 in Invocations
  9701 | D:7      | Reached XP level 10. HP: 74/77 MP: 3/15
  9765 | D:7      | Reached skill level 8 in Axes
 10204 | D:7      | Noticed a boulder beetle
 10219 | D:7      | Killed a boulder beetle
 10220 | D:7      | Reached skill level 5 in Conjurations
 10353 | D:7      | Killed an unseen horror
 10630 | D:7      | Found a glowing silver altar of Zin.
 10889 | D:7      | Noticed a deep elf pyromancer
 10899 | D:7      | Killed a deep elf pyromancer
 10900 | D:7      | Reached skill level 9 in Axes
 10917 | D:7      | Identified the +5 short sword of Reppoil {venom, rElec rN+
                  | Dex-4}
 11020 | D:7      | Noticed Menkaure
 11023 | D:7      | Killed Menkaure
 11543 | D:3      | Killed Crazy Yiuf
 11872 | D:7      | Reached XP level 11. HP: 66/82 MP: 4/17
 12290 | D:8      | Noticed sigtrap's ghost (novice GnVM)
 12291 | D:8      | Found a runed translucent gate.
 12292 | D:8      | Found a runed translucent gate.
 12298 | D:8      | Found a runed translucent gate.
 13188 | D:6      | Reached skill level 10 in Axes
 13387 | D:8      | Found a staircase to the Lair.
 13504 | D:8      | Reached skill level 5 in Evocations
 13732 | D:8      | Noticed Grum
 13746 | D:8      | Killed Grum
 14567 | D:9      | Reached skill level 10 in Fire Magic
 14919 | D:9      | Found a staircase to the Orcish Mines.
 14950 | D:9      | Received a gift from Nemelex Xobeh
 15332 | D:9      | Noticed Harold
 15388 | D:9      | Killed Harold
 15677 | D:9      | Reached skill level 5 in Spellcasting
 15710 | D:10     | Entered Level 10 of the Dungeon
 15743 | D:10     | Reached *** piety under Nemelex Xobeh
 15907 | D:10     | Paralysed by a hornet for 2 turns
 15912 | D:9      | Paralysed by a hornet for 2 turns
 16319 | D:10     | Identified a scroll of acquirement
 16420 | D:10     | Noticed Maurice
 16474 | Orc:1    | Entered Level 1 of the Orcish Mines
 16474 | Orc:1    | Received a gift from Nemelex Xobeh
 16474 | Orc:1    | Found Cidghimm's Antique Armour Shoppe.
 16479 | Orc:1    | Learned a level 3 spell: Inner Flame
 16784 | Orc:1    | Noticed Sonja
 16790 | Orc:1    | Killed Sonja
 16791 | Orc:1    | Reached skill level 11 in Axes
 16791 | Orc:1    | Reached XP level 12. HP: 84/93 MP: 16/19
 16839 | Orc:1    | Found Ustu's Magic Scroll Shoppe.
 16887 | Orc:1    | Found Xumiosor's Antique Armour Emporium.
 16920 | Orc:1    | Reached skill level 5 in Fighting
 16920 | Orc:1    | Reached skill level 1 in Hexes
 17231 | Orc:1    | Found a roughly hewn altar of Beogh.
 17233 | Orc:1    | Noticed an orc warlord
 17272 | Orc:1    | Killed an orc warlord
 17563 | Orc:1    | Paralysed by an orc sorcerer for 4 turns
 17569 | D:9      | Paralysed by an orc sorcerer for 3 turns
 17716 | Orc:1    | Noticed Gastronok
 17757 | Orc:1    | Killed Gastronok
 17758 | Orc:1    | Reached skill level 5 in Armour
 17900 | Orc:1    | Found Xyhonuco's Assorted Antiques.
 18185 | Orc:2    | Entered Level 2 of the Orcish Mines
 18603 | Orc:2    | Found a staircase to the Elven Halls.
 18603 | Orc:2    | Found Redius Bulu's General Store.
 18922 | Orc:2    | Reached skill level 12 in Axes
 18991 | Orc:2    | Reached **** piety under Nemelex Xobeh
 18998 | Orc:2    | Found Hestrege's Self-Improvement Boutique.
 19361 | Orc:2    | Received a gift from Nemelex Xobeh
 20086 | Orc:2    | Noticed an orc high priest
 20117 | Orc:2    | Noticed a sun demon
 20117 | Orc:2    | Paralysed by an orc sorcerer for 2 turns
 20120 | Orc:2    | Killed an orc high priest
 20772 | Orc:2    | Noticed an orc high priest
 20778 | Orc:2    | Noticed an orc high priest
 20790 | Orc:2    | an orc high priest changed into a merfolk
 20790 | Orc:2    | Killed an orc high priest
 20963 | Orc:2    | Slain by an orc knight

Illustrated notes

Levels and vault maps discovered:
D:1:      psy_arrival_spokes, layout_loops_ring, minmay_misc_feat_plants
D:2:      layout_basic, bh_walls_and_bars
D:3:      layout_rooms, mainiacjoe_overflow_large_starburst,
          uniq_crazy_yiuf_cottage, uniq_jessica
D:4:      layout_loops_ring, mainiacjoe_overflow_24_doors,
          minmay_temple_entry_nine_rooms, serial_shops, shop,
          nicolae_goblin_pals, uniq_ijyb
D:5:      layout_rooms, nicolae_vehumet_radiance
D:6:      kennysheep_windowed_halls, layout_basic, gammafunk_ghost_arena,
          serial_rivers, chequers_serial_rivers_small_a,
          chequers_serial_rivers_micro_c, chequers_serial_rivers_micro_b,
          chequers_serial_rivers_marsh, chequers_serial_rivers_micro_d
D:7:      nzn_winding_woodlands_medium [nzn_winding_woodlands_5x5_perimeter,
          nzn_winding_woodlands_5x15_cabin, nzn_winding_woodlands_5x5_open_star,
          nzn_winding_woodlands_5x5_closed_star,
          nzn_winding_woodlands_center_pierced_h,
          nzn_winding_woodlands_5x5_cross, nzn_winding_woodlands_hourglass,
          nzn_winding_woodlands_5x15_jagged, nzn_winding_woodlands_5x5_three],
          layout_layer_cave, lemuel_tele_altar, ashenzari_conservatory_becter,
          uniq_menkaure, uniq_duvessa
D:8:      layout_rooms, hellmonk_lair_entry_icy, gammafunk_ghost_nasty_kobolds,
          chequers_serial_rivers_small_3, st_stairs_12, uniq_grum
D:9:      layout_long_grid, orc_0_dummy, minmay_between, uniq_harold
D:10:     layout_long_grid, kennysheep_path_1, minmay_misc_feat_more_columns,
          uniq_maurice
Temple:   eino_temple_scatter_basement
Orc:1:    layout_caves, serial_shops, shop, nicolae_shop_gibbet_a_chance, shop,
          nicolae_shop_real_fake_doors, basic_altar, uniq_sonja, uniq_gastronok
Orc:2:    grunt_orc_tribal_feast, layout_diamond_mine, serial_shops, shop,
          nicolae_shop_self_help

Skill      XL: |  1  2  3  4  5  6  7  8  9 10 11 12 |
---------------+-------------------------------------+-----
Fighting       | 1 2 3 4 5 |  5.0
Armour         | 1 2 3 4 5 |  5.7
Dodging        | 2 3 |  3.0
Fire Magic     | 4 5 6 8 9 10 11 | 11.8
Spellcasting   | 2 3 4 5 |  5.0
Conjurations   | 2 3 4 5 6 7 |  7.4
Axes           | 1 3 5 7 9 11 12 | 12.8
Evocations     | 1 3 4 5 |  5.0
Invocations    | 1 3 5 6 7 9 |  9.1
Short Blades   | 1 |  1.0
Throwing       | 1 |  1.0
Translocations | 1 2 3 |  3.0
Hexes          | 3 |  3.0
Stealth        | |  1.5

Action                     |  1- 3 |  4- 6 |  7- 9 | 10-12 || total
---------------------------+-------+-------+-------+-------++-------
  Melee: Short sword       |     7 |    12 |    66 |   126 ||   211
         Punch             |       |       |     2 |       ||     2
         Broad axe         |       |       |     7 |       ||     7
         Staff             |       |       |       |     1 ||     1
  Throw: Dart              |       |       |       |     7 ||     7
         Throwing net      |       |       |       |     1 ||     1
   Cast: Foxfire           |    71 |    88 |   165 |   460 ||   784
         Scorch            |     1 |    32 |    68 |   246 ||   347
         Flame Wave        |       |       |     1 |     4 ||     5
         Volatile Blastmot |       |       |       |     7 ||     7
 Invoke: Draw Destruction  |       |       |     5 |    12 ||    17
         Draw Summoning    |       |       |     1 |     2 ||     3
         Draw Escape       |       |       |       |     4 ||     4
  Evoke: Wand              |       |       |     5 |     9 ||    14
    Use: Potion            |       |     3 |       |     6 ||     9
         Scroll            |       |     6 |     5 |     9 ||    20
   Stab: Paralysed         |       |       |    11 |    12 ||    23
         Sleeping          |       |       |     2 |       ||     2
         Held in net/web   |       |       |       |     4 ||     4
 Armour: Robe              |     4 |    24 |       |    64 ||    92
         Leather armour    |       |     2 |    48 |   186 ||   236
  Dodge: Dodged            |     9 |    31 |   100 |   344 ||   484

Table legend: (Time is in decaauts)
 A = Elapsed time spent in this place.
 B = Non-inter-level travel time spent in this place.
 C = Inter-level travel time spent in this place.
 D = Time resting spent in this place.
 E = Time spent auto-exploring this place.
 F = Levels seen in this place.
 G = Mean time per level.
                   A        B        C        D        E       F      G
               +--------+--------+--------+--------+--------+-----+--------+
         Total |  20979 |  19801 |   1178 |   7714 |   8561 |  13 | 1613.8 |
       Dungeon |  16965 |  15956 |   1009 |   5985 |   7319 |  10 | 1696.5 |
        Temple |     74 |     42 |     32 |      0 |     40 |   1 |   74.0 |
  Orcish Mines |   3939 |   3802 |    137 |   1729 |   1202 |   2 | 1969.5 |
               +--------+--------+--------+--------+--------+-----+--------+

Top non-repeatable levels by time:
     D:7: 3391 daAuts
     D:6: 2544 daAuts
     D:4: 2419 daAuts
     D:9: 2320 daAuts
   Orc:1: 1971 daAuts
   Orc:2: 1967 daAuts
     D:8: 1695 daAuts
     D:2: 1238 daAuts
     D:3: 1222 daAuts
     D:1: 980 daAuts
     D:5: 818 daAuts
    D:10: 332 daAuts
  Temple: 74 daAuts
